[Event "Early-Titled-Tuesday-Blitz-September-12-2023"]
[Site "Chess.com"]
[Date "2023.09.12"]
[Round "6"]
[White "Sanan_Sjugirov"]
[Black "attack2mateU"]
[Result "1-0"]
[WhiteElo "2918"]
[BlackElo "2734"]
[TimeControl "180+1"]
[EndTime "9:06:33 PDT"]
[Termination "Sanan_Sjugirov won by resignation"]

1. e4 c5 2. Nf3 d6 3. d4 cxd4 4. Nxd4 Nf6 5. Nc3 a6 6. Be3 e5 7. Nf3 Be7 8. Bc4 O-O 9. O-O Nc6 10. Qe2 Na5 11. Bd5 Be6 12. Rfd1 Bxd5 13. Nxd5 Nxd5 14.
Rxd5 Qc7 15. b3 b5 16. a4 Nc6 17. c3 bxa4 18. Rxa4 a5 19. Nd2 Rab8 20. Qa6 Rfc8 21. g3 h6 22. Rb5 Rxb5 23. Qxb5 Bg5 24. Nc4 Rb8 25. Bb6 Qb7 26. Qd5 Be7 27. b4 axb4 28.
cxb4 Qd7 29. b5 Nd4 30. Nxe5 Qxb5 31. Qxf7+ Kh7 32. Bxd4 dxe5 33. Qf5+ Kg8 34. Qxe5 Qxe5 35. Bxe5 Re8 36. Bc3 Bc5 37. Rc4 Bb6 38. Kg2 Re6 39. f4 g5 40. Kf3 gxf4 41. gxf4 Rd6 42. Kg4 Kf7 43. Kf5 Rd1 44. Rc6 Bd8 45. Rxh6 Rc1 46.
Be5 Be7 47. Rh7+ Ke8 48. h4 Rh1 49. h5 1-0

[Event "Early-Titled-Tuesday-Blitz-September-12-2023"]
[Site "Chess.com"]
[Date "2023.09.12"]
[Round "6"]
[White "sjoerd893"]
[Black "Diaschess88"]
[Result "0-1"]
[WhiteElo "2476"]
[BlackElo "2654"]
[TimeControl "180+1"]
[EndTime "9:06:33 PDT"]
[Termination "Diaschess88 won on time"]

1. e4 c5 2. Nf3 d6 3. d4 cxd4 4. Nxd4 Nf6 5. Nc3 Bd7 6. Be3 Ng4 7. Bg5 h6 8. Bh4 g5 9. Bg3 Bg7 10. h3 Ne5 11. Qd2 Nbc6 12. O-O-O Nxd4 13. Qxd4 Rc8 14. f4 gxf4 15. Bxf4 Rg8 16. Qxa7 Ng6 17. Bd2 Bc6 18. Bb5 Bxb5 19. Nxb5 Ra8 20. Qxa8 Qxa8 21. Nc7+ Kd7 22. Nxa8 Rxa8 23. a3 h5 24. Rhf1 Ke6 25. Rf2 h4 26.
Rdf1 Bf6 27. Rf3 Ne5 28. Rb3 Rb8 29. Kb1 Nc4 30. Bc1 Rg8 31. Rf2 Rb8 32. Rb4 Ne5 33.
Bd2 Nc6 34. Rb3 Bd4 35. Re2 b5 36. Be3 Ke5 37. Bxd4+ Nxd4 38. Rf2 Nxb3 39. cxb3 f6 40. Rf5+ Kxe4 41. Rh5 d5 42. Rxh4+ Ke3 43. a4 d4 44. Kc1 d3 45. a5 Rc8+ 46. Kd1 d2 0-1

[Event "Early-Titled-Tuesday-Blitz-September-12-2023"]
[Site "Chess.com"]
[Date "2023.09.12"]
[Round "6"]
[White "Jenia84"]
[Black "Artemiki"]
[Result "1/2-1/2"]
[WhiteElo "2369"]
[BlackElo "2167"]
[TimeControl "180+1"]
[EndTime "9:06:33 PDT"]
[Termination "Game drawn by agreement"]

1. Nf3 Nf6 2. g3 d5 3. Bg2 e6 4. O-O Be7 5. d3 O-O 6. c3 c5 7. Nbd2 Nc6 8. b3 b6 9. Bb2 Bb7 10. e4 Qc7 11. Re1 b5 12. h3 Rad8 13. Qc2 Rfe8 14.
Rac1 b4 15. c4 dxe4 16. Nxe4 Nxe4 17. dxe4 e5 18. Rcd1 f6 19. Bc1 Rxd1 20. Rxd1 Rd8 21. Rxd8+ Qxd8 22. Be3 a5 23. Qd2 Qxd2 24. Nxd2 Nb8 25.
Bf3 Bc8 26. Kg2 Kf7 27. Bg4 Bxg4 28. hxg4 Nd7 29. Nf3 h6 30. Ne1 Ke6 31. Nd3 g5 32. f4 Bf8 33. Kf3 Be7 34. Nb2 Nb6 35. Nd1 a4 36.
Nf2 axb3 37. axb3 Nd7 38. Nd3 Bf8 39. Bc1 Be7 40. Bb2 Bf8 41. Ne1 Nb8 42. Ke3 Nc6 43. Nd3 Be7 44. Kd2 Bf8 45. Kc2 Bd6 46. f5+ Kd7 1/2-1/2

[Event "Early-Titled-Tuesday-Blitz-September-12-2023"]
[Site "Chess.com"]
[Date "2023.09.12"]
[Round "6"]
[White "tdf98pantani"]
[Black "Herman-NY"]
[Result "1-0"]
[WhiteElo "2731"]
[BlackElo "2542"]
[TimeControl "180+1"]
[EndTime "9:06:35 PDT"]
[Termination "tdf98pantani won by resignation"]

1. e4 c5 2. Nf3 Nc6 3. Bb5 e6 4. Bxc6 bxc6 5. d3 Ne7 6. Qe2 Ng6 7. h4 h5 8. e5 f6 9. Qe4 Kf7 10. Na3 d5 11. exd6 Qxd6 12. Nc4 Qd5 13. Bd2 e5 14. Ne3 Qe6 15. b3 Be7 16. O-O-O Nf4 17. g3 Ne2+ 18. Kb1 Nd4 19. Nc4 Qd5 20. Nxd4 cxd4 21. f3 Be6 22.
Ba5 Rab8 23. Qe2 Qb5 24. Bd2 a5 25. Rc1 a4 26. f4 axb3 27. cxb3 Ra8 28. Rc2 Rhb8 29.
Rb2 Bg4 30. Qe4 Qd5 31. fxe5 Bf3 32. Qxd5+ cxd5 33. exf6 Bxh1 34. Ne5+ Kxf6 35. Nd7+ Ke6 36. Nxb8 Rxb8 37. Bf4 Bf3 38. Rf2 Rf8 39. Rxf3 Bd6 40.
Kb2 Bxf4 41. gxf4 Rf5 42. a4 Rf7 43. b4 Kf5 44. b5 Kg4 45. Rf1 Kxh4 46. a5 Kg3 47. a6 h4 48. b6 Kg2 49. Rc1 h3 50. b7 Rf8 51. a7 1-0

[Event "Early-Titled-Tuesday-Blitz-September-12-2023"]
[Site "Chess.com"]
[Date "2023.09.12"]
[Round "6"]
[White "ural58"]
[Black "Zurability"]
[Result "0-1"]
[WhiteElo "2561"]
[BlackElo "2796"]
[TimeControl "180+1"]
[EndTime "9:06:36 PDT"]
[Termination "Zurability won by resignation"]

1. e4 c5 2. Nf3 d6 3. Bb5+ Nd7 4. a4 Nf6 5. Nc3 g6 6. a5 a6 7. Bc4 Bg7 8. d3 O-O 9. h4 h5 10. Bg5 Nb8 11. Qd2 Bg4 12. Bh6 Bxf3 13. gxf3 Nc6 14. Bxg7 Kxg7 15. Ne2 Ne5 16. Qe3 e6 17. Bb3 Rc8 18. f4 Neg4 19. Qg3 d5 20. f3 Ne3 21.
Kf2 c4 22. Kxe3 cxb3 23. c3 dxe4 24. fxe4 Ng4+ 25. Kd2 Rc5 26. Nd4 Rxa5 27. Nxb3 Rb5 28. Kc2 Qb6 29. Ra3 Ne3+ 30. Kd2 Rxb3 31. Rxb3 Qxb3 32.
Kxe3 Qxb2 33. Qe1 Rc8 34. c4 b5 35. Qa1 Qxa1 36. Rxa1 bxc4 37. dxc4 Rxc4 38. Kf3 Rc3+ 39.
Kg2 Rc6 40. Ra5 Kf6 41. Kg3 Ke7 42. f5 exf5 43. exf5 Kd7 44. fxg6 fxg6 45. Rg5 Kc7 46. Kf3 Kb6 47. Ke3 Rd6 48. Rg1 a5 49. Rb1+ Ka6 50.
Ra1 Rb6 51. Kf4 Rb4+ 52. Kg5 Rg4+ 53. Kf6 a4 54. Kf7 Ka5 55. Kf6 Rg3 0-1

[Event "Early-Titled-Tuesday-Blitz-September-12-2023"]
[Site "Chess.com"]
[Date "2023.09.12"]
[Round "6"]
[White "biostatistician"]
[Black "Srisshhhtea"]
[Result "1-0"]
[WhiteElo "2579"]
[BlackElo "2423"]
[TimeControl "180+1"]
[EndTime "9:06:36 PDT"]
[Termination "biostatistician won by resignation"]

1. d4 Nf6 2. Nf3 g6 3. c4 Bg7 4. Nc3 d6 5. e4 O-O 6. Be2 e5 7. dxe5 dxe5 8. Qxd8 Rxd8 9. Bg5 Re8 10. Nd5 Nxd5 11.
cxd5 c6 12. Bc4 b5 13. Bb3 Bb7 14. Rc1 cxd5 15. Rc7 Bc6 16. O-O a5 17. exd5 a4 18. dxc6 axb3 19. axb3 e4 20. Nd2 Be5 21. Rb7 Nxc6 22.
Rxb5 Bxb2 23. h4 Nd4 24. Rb7 f6 25. Be3 Nf5 26. Nc4 Bc3 27. h5 gxh5 28. Rd1 Rab8 29. Rdd7 Rxb7 30. Rxb7 Rd8 31. b4 Rd1+ 32. Kh2 Rb1 33.
b5 Rb4 34. Na3 Be5+ 35. Kh3 Rb3 36. Nc4 Rb1 37. g4 Rh1+ 38. Kg2 Rh2+ 39. Kg1 Nxe3 40. fxe3 Rh3 41. gxh5 Rxh5 42. b6 Rg5+ 43. Kf1 Bh2 44.
Re7 f5 45. b7 Kf8 46. Rxh7 Bg3 47. Nb6 Rg7 48. Nd7+ Kg8 49. Rxg7+ Kxg7 50. b8=Q Bxb8 51. Nxb8 Kf6 52. Kg2 Kg5 53. Kg3 Kf6 54. Kf4 Ke6 55.
Nc6 Kd5 56. Nd4 Kc4 57. Nxf5 Kd3 58. Ng3 Kd2 59. Nxe4+ 1-0

[Event "Early-Titled-Tuesday-Blitz-September-12-2023"]
[Site "Chess.com"]
[Date "2023.09.12"]
[Round "6"]
[White "mjray79"]
[Black "Gauravthegm"]
[Result "1-0"]
[WhiteElo "2546"]
[BlackElo "2411"]
[TimeControl "180+1"]
[EndTime "9:06:36 PDT"]
[Termination "mjray79 won by resignation"]

1. Nf3 Nf6 2. c4 c5 3. Nc3 b6 4. g3 Bb7 5. Bg2 e6 6. O-O Be7 7. d4 cxd4 8. Nxd4 Qc8 9. Qd3 a6 10. e4 d6 11. h3 Nbd7 12. b3 O-O 13. Bb2 Qc7 14. Rac1 Rac8 15. f4 Rfe8 16. Kh1 Qb8 17. Qe2 Qa8 18. Rfe1 Bf8 19. e5 Bxg2+ 20. Qxg2 Qxg2+ 21. Kxg2 dxe5 22. fxe5 Nh5 23. Rcd1 Nc5 24. Ne4 Nxe4 25.
Rxe4 g6 26. g4 Ng7 27. Re3 Red8 28. Red3 Ne8 29. Kf3 Bc5 30. Ke4 Nc7 31. Nc6 Rxd3 32. Rxd3 b5 33. b4 Bf8 34. Rd7 bxc4 35. Na7 Rb8 36.
Rxc7 Rxb4 37. Bc3 Ra4 38. Rc8 Kg7 39. Nc6 Rxa2 40. Rc7 Rc2 41. Kd4 Rh2 42. Nd8 Rxh3 43. Nxf7 Rh4 44. Ng5+ Kg8 45. Nxe6 Rxg4+ 46. Kd5 Rg3 47. Rc8 Rf3 48. Bb4 g5 49. Bxf8 Kf7 50. Nxg5+ Kg6 51. Nxf3 1-0

[Event "Early-Titled-Tuesday-Blitz-September-12-2023"]
[Site "Chess.com"]
[Date "2023.09.12"]
[Round "6"]
[White "Bugcrusher"]
[Black "benny_aizenberg"]
[Result "0-1"]
[WhiteElo "2460"]
[BlackElo "2628"]
[TimeControl "180+1"]
[EndTime "9:06:37 PDT"]
[Termination "benny_aizenberg won by resignation"]

1. d4 g5 2. Bxg5 Bg7 3. Nf3 c5 4. c3 Qb6 5. Qb3 Nc6 6. Qxb6 axb6 7. d5 Na5 8. Nbd2 b5 9. e4 b4 10. cxb4 cxb4 11. Rb1 d6 12. Bb5+ Bd7 13. Bxd7+ Kxd7 14. Ke2 Nf6 15. Bxf6 Bxf6 16. Rhc1 Rhc8 17. Rxc8 Rxc8 18. Kd3 b5 19. Nd4 Nc4 20. Nxc4 bxc4+ 21. Ke3 Ra8 22. Ra1 e6 23. dxe6+ fxe6 24. a4 Ra5 25. f4 e5 26.
fxe5 Bxe5 27. g3 Bg7 28. b3 cxb3 29. Rb1 Rxa4 30. Rxb3 Ra3 31. Rxa3 bxa3 32. Nc2 a2 33. Kf4 Ke6 34. g4 a1=Q 35. Nxa1 Bxa1 36. h4 Bf6 37. g5 Bg7 38. Kg4 Ke5 39. Kf3 h6 40. Ke3 hxg5 41.
hxg5 Bf8 42. Kf3 Be7 43. g6 Bf8 44. Ke3 Bg7 45. Kd3 Bh6 46. Kc4 Kxe4 47. g7 Bxg7 0-1

[Event "Early-Titled-Tuesday-Blitz-September-12-2023"]
[Site "Chess.com"]
[Date "2023.09.12"]
[Round "6"]
[White "Iunusovnuriddin"]
[Black "Manukyan_Artak"]
[Result "1-0"]
[WhiteElo "2354"]
[BlackElo "2499"]
[TimeControl "180+1"]
[EndTime "9:06:38 PDT"]
[Termination "Iunusovnuriddin won on time"]

1. e4 c6 2. Nc3 d5 3. Nf3 dxe4 4. Nxe4 Nf6 5. Qe2 Nxe4 6. Qxe4 Nd7 7. Bc4 Nf6 8. Ne5 e6 9. Qe2 b5 10. Bb3 a5 11. a4 Qb6 12. O-O Bb7 13. Nxf7 c5 14.
Nxh8 c4 15. Ba2 Qc6 16. f3 Bc5+ 17. Kh1 Ke7 18. axb5 Qb6 19. Bxc4 Rxh8 20. c3 Kf7 21. d4 Be7 22. Bg5 Re8 23. Rfe1 Bc8 24. Bxf6 Bxf6 25. d5 g6 26. dxe6+ Kg7 27. Rad1 Qc5 28. Rd5 Qc7 29. Rdd1 Re7 30. Bd5 Qb6 31. c4 a4 32. Qc2 Ra7 33. Re4 Qd6 34. Rde1 Qe7 35.
c5 a3 36. b6 Ra5 37. bxa3 Rxc5 38. Qb3 Rc3 39. b7 Rxb3 40. bxc8=Q Rxa3 41. Qd7 Ra7 42. Qxe7+ Rxe7 43. g3 h5 44. h4 g5 45. Kg2 gxh4 46.
gxh4 Kh6 47. Kg3 Rg7+ 48. Kh3 Be7 49. Re5 Bd6 50. e7 Bxe5 51. Rxe5 1-0

[Event "Early-Titled-Tuesday-Blitz-September-12-2023"]
[Site "Chess.com"]
[Date "2023.09.12"]
[Round "6"]
[White "CraiggoryC"]
[Black "JAN2404"]
[Result "1/2-1/2"]
[WhiteElo "2228"]
[BlackElo "2015"]
[TimeControl "180+1"]
[EndTime "9:06:38 PDT"]
[Termination "Game drawn by repetition"]

1. e4 c5 2. Nf3 d5 3. d4 cxd4 4. exd5 Qxd5 5. Qxd4 Nf6 6. Nc3 Qa5 7. Bd2 Nc6 8. Bb5 Bd7 9. Bxc6 Bxc6 10. O-O-O Rd8 11. Qc4 e6 12. Ne4 Qf5 13. Nxf6+ gxf6 14. Bc3 Bh6+ 15. Kb1 O-O 16. Qh4 Bg5 17. Qh5 Be4 18. Rxd8 Bxc2+ 19. Ka1 Rxd8 20. h4 Bf4 21. Qxf5 Bxf5 22. Bxf6 Rc8 23. a3 Rc2 24. Rd1 Bc7 25. Rd7 e5 26.
Nxe5 Bxd7 27. Nxd7 Rc1+ 28. Ka2 Rd1 29. Ne5 Bxe5 30.
Bxe5 Rd2 31. Bg3 a6 32. Kb3 Rd5 33. Kc4 Rd7 34. b4 f5 35. a4 Kf7 36. b5 axb5+ 37. axb5 Ke6 38. Kc5 h5 39. Bf4 Rd5+ 40. Kc4 Rd7 41.
g3 b6 42. Be3 Rc7+ 43. Kb4 Kd5 44. Bxb6 Rb7 45. Be3 Ke4 46. b6 Kd5 47. Kb5 Rb8 48. Ka6 Kc6 49. Ka5 Rb7 50. Kb4 Rd7 51. Kc4 Rd5 52.
Kc3 Rd1 53. Kc2 Rd5 54. Kc3 Rd7 55. Kc4 Rd1 56. Kc3 Rd7 57. Kc4 1/2-1/2

[Event "Early-Titled-Tuesday-Blitz-September-12-2023"]
[Site "Chess.com"]
[Date "2023.09.12"]
[Round "6"]
[White "Hikaru"]
[Black "AlexanderL"]
[Result "1/2-1/2"]
[WhiteElo "3233"]
[BlackElo "2861"]
[TimeControl "180+1"]
[EndTime "9:06:39 PDT"]
[Termination "Game drawn by agreement"]

1. a3 e5 2. c4 c6 3. d4 exd4 4. Nf3 d5 5. Nxd4 dxc4 6. e3 Bc5 7. Bxc4 Bxd4 8. Qxd4 Qxd4 9. exd4 Ne7 10. O-O O-O 11. Re1 Nd5 12. Nc3 Be6 13. Ne4 Nd7 14. Ng5 Bf5 15.
Bd2 Rae8 16. h3 h6 17. Nf3 Be6 18. Rec1 N5f6 19. Bf1 Bd5 20. Ne1 Rd8 21. Ba5 Rc8 22. Nd3 Rfe8 23. Bd2 Ne4 24. Be3 Nd6 25. Nf4 Nf6 26.
Bd2 Nf5 27. Bc3 Rcd8 28. f3 Bb3 29. Re1 Nxd4 30. Rxe8+ Nxe8 31. Re1 Ne6 32. Nh5 N8c7 33. Re4 Rd1 34. Rb4 Bc2 35. Rxb7 Bd3 36. Ng3 Nd5 37. Kf2 Nxc3 38. bxc3 Bxf1 39. Nxf1 Rc1 40. Ne3 a5 41. Ra7 Rxc3 42. Ra8+ Kh7 43. Rxa5 Nd4 44. Ra7 Kg6 45. a4 Ra3 46. Nc4 Ra2+ 47. Ke3 Nf5+ 48. Kf4 Rxg2 49. Ne5+ Kf6 50. Rxf7+ Ke6 51. Rxf5 g5+ 52.
Ke4 Re2+ 53. Kd3 Ra2 54. Rf8 Kxe5 55. Rh8 Rxa4 56. Rxh6 Kf4 57. Rxc6 Ra3+ 58. Ke2 Re3+ 59. Kf2 Rxf3+ 60. Kg2 Rg3+ 61. Kh2 Ra3 62. Rc4+ 1/2-1/2

[Event "Early-Titled-Tuesday-Blitz-September-12-2023"]
[Site "Chess.com"]
[Date "2023.09.12"]
[Round "6"]
[White "surrenderPLS"]
[Black "OchsenfroschGambit"]
[Result "0-1"]
[WhiteElo "2492"]
[BlackElo "2410"]
[TimeControl "180+1"]
[EndTime "9:06:39 PDT"]
[Termination "OchsenfroschGambit won by checkmate"]

1. e4 c5 2. Nf3 e6 3. d4 cxd4 4. Nxd4 a6 5. Bd3 Nc6 6. Nxc6 dxc6 7. O-O Qc7 8. a4 Nf6 9. Nd2 Bc5 10. Qe2 e5 11. a5 Bg4 12. Qe1 O-O 13. Nc4 Be6 14.
Be3 Bxe3 15. Qxe3 Bxc4 16. Bxc4 Rad8 17. c3 Qe7 18. f3 Nd7 19. b4 Nf6 20. Rad1 Nh5 21.
g3 h6 22. Qb6 Rd7 23. Be2 Nf6 24. Rxd7 Qxd7 25. Rd1 Qe7 26. Kg2 h5 27. h4 Re8 28.
Rd2 Nh7 29. Bc4 Nf8 30. Rd1 Ng6 31. Be2 Nf8 32. c4 Ne6 33. b5 Nd4 34. bxa6 bxa6 35. Rd2 Qa3 36. Qb2 Qe3 37. Bd1 Kh7 38. Rf2 Rd8 39.
Qb6 Rd7 40. Qxa6 Ne6 41. Be2 Rd2 42. c5 Nd4 43. Kf1 Nxe2 44. Rxe2 Qxf3+ 45. Ke1 Rd4 46. Qxc6 Qxg3+ 47. Rf2 Qe3+ 48. Kf1 Qh3+ 49. Ke1 Qh1+ 50.
Ke2 Qd1+ 51. Ke3 Qd3# 0-1

[Event "Early-Titled-Tuesday-Blitz-September-12-2023"]
[Site "Chess.com"]
[Date "2023.09.12"]
[Round "6"]
[White "Inepton_Fermion"]
[Black "C_K_G"]
[Result "0-1"]
[WhiteElo "2355"]
[BlackElo "1996"]
[TimeControl "180+1"]
[EndTime "9:06:41 PDT"]
[Termination "C_K_G won by checkmate"]

1. e4 c5 2. Nf3 d6 3. d4 cxd4 4. Nxd4 Nf6 5. Nc3 a6 6. Rg1 e5 7. Nb3 h5 8. Bg5 Be7 9. Qd2 Be6 10. O-O-O Nbd7 11. f4 Qc7 12. f5 Bc4 13. Bxc4 Qxc4 14. Kb1 b5 15. Rge1 b4 16. Nd5 Nxd5 17. exd5 Nf6 18.
Na5 Qg4 19. Nc6 Qxf5 20. Bxf6 Bxf6 21. Qxb4 O-O 22. Qxd6 e4 23. Qb4 Rfe8 24. d6 Qd7 25. Na5 Rab8 26. Qc4 Rxb2+ 27. Kc1 Rb5 28. Nb3 Rc8 29.
Qxe4 a5 30. Rd3 Rb4 31. Qd5 a4 32. Nd2 Rcb8 33. Kd1 Qg4+ 34. Qf3 Qg6 35. Ne4 Rb1+ 36. Kd2 Rxe1 37. Kxe1 Be5 38. d7 Rd8 39. Nc5 Qg5 40.
Qd5 Qh4+ 41. Kd2 Bf4+ 42. Kd1 Qf2 43. Nb7 Qf1# 0-1

[Event "Early-Titled-Tuesday-Blitz-September-12-2023"]
[Site "Chess.com"]
[Date "2023.09.12"]
[Round "6"]
[White "OK97"]
[Black "Sina_Movahed"]
[Result "1-0"]
[WhiteElo "2838"]
[BlackElo "3038"]
[TimeControl "180+1"]
[EndTime "9:06:43 PDT"]
[Termination "OK97 won on time"]

1. d4 Nf6 2. Nf3 g6 3. g3 Bg7 4. Bg2 O-O 5. O-O d6 6. Re1 Nbd7 7. e4 e5 8. Nc3 Re8 9. h3 c6 10. a4 a5 11. Be3 Qc7 12. Qd2 exd4 13. Bxd4 Ne5 14.
Nh2 Nc4 15. Qc1 Be6 16. b3 Nb6 17. Qd2 d5 18. e5 Nfd7 19. f4 f6 20. exf6 Nxf6 21.
Nf3 Nbd7 22. Ng5 Nf8 23. Re2 h6 24. Nxe6 Nxe6 25. Be5 Qf7 26. Rae1 Nh5 27. Kh2 Rad8 28. Nd1 g5 29. Bxg7 Nhxg7 30. fxg5 Nxg5 31. Qxa5 Rf8 32. Ne3 Rd6 33. Ng4 Nf5 34. Qb4 Qc7 35. Ne5 Re6 36.
Qg4 Ng7 37. h4 Ne4 38. Bxe4 dxe4 39. Rxe4 Rf2+ 40. Kh3 Ref6 41. Nd7 Rf7 42. Re8+ Kh7 43. Qe4+ Nf5 44. Ne5 Kg7 45. Qg4+ 1-0

[Event "Early-Titled-Tuesday-Blitz-September-12-2023"]
[Site "Chess.com"]
[Date "2023.09.12"]
[Round "6"]
[White "BlueWizzard"]
[Black "Rakhmanov_Aleksandr"]
[Result "0-1"]
[WhiteElo "2960"]
[BlackElo "2809"]
[TimeControl "180+1"]
[EndTime "9:06:43 PDT"]
[Termination "Rakhmanov_Aleksandr won on time"]

1. e4 c5 2. Nf3 Nf6 3. Qe2 d5 4. Nc3 dxe4 5. Nxe4 Nxe4 6. Qxe4 Nc6 7. b3 Be6 8. Bc4 Bxc4 9. bxc4 Qd7 10. O-O e6 11. Bb2 Rd8 12. Rad1 Nd4 13. Bxd4 cxd4 14. Qg4 h5 15. Qg5 h4 16. h3 g6 17. Qe5 Rh5 18.
Qe4 d3 19. cxd3 Qxd3 20. Qxb7 Bc5 21. Rde1 Rf5 22. Re5 Kf8 23. Rxf5 Qxf5 24. Qb2 Kg8 25. d4 Qf6 26. Rd1 Bb6 27. Qc3 Qf4 28. Qe3 Qf6 29.
Rd3 Kg7 30. a4 Bc7 31. Qe4 Rb8 32. Rd1 Rb4 33. Qc2 Qf4 34. d5 Qxc4 35. Qd2 exd5 36. Rc1 Bf4 37. Rxc4 Rb1+ 38. Qe1 Rxe1+ 39. Nxe1 dxc4 40.
Kf1 Kf6 41. Ke2 Ke5 42. Nc2 Kd5 43. Kf3 Bg5 44. Kg4 Be7 45. f4 Ke4 0-1

[Event "Early-Titled-Tuesday-Blitz-September-12-2023"]
[Site "Chess.com"]
[Date "2023.09.12"]
[Round "6"]
[White "YEIKO2017"]
[Black "FuenfgegenWilly"]
[Result "1-0"]
[WhiteElo "2518"]
[BlackElo "2353"]
[TimeControl "180+1"]
[EndTime "9:06:45 PDT"]
[Termination "YEIKO2017 won on time"]

1. e4 e5 2. Nf3 Nc6 3. Bb5 a6 4. Ba4 Nge7 5. Nc3 d6 6. O-O Bd7 7. Nd5 b5 8. Bb3 Na5 9. d4 Nxb3 10. axb3 Ng6 11. dxe5 dxe5 12. Qe2 c6 13. Nc3 Bc5 14. Rd1 Qc7 15. h4 O-O 16. h5 Ne7 17. Nxe5 Bc8 18.
Bf4 Bd6 19. Rxd6 Qxd6 20. Ng6 Qf6 21. Be5 Qe6 22. Nxe7+ Qxe7 23. Bd4 f5 24. e5 Be6 25. f4 Rfd8 26. Qe3 Qh4 27. Bb6 Rd7 28. Ne2 Qxh5 29. Nd4 Qf7 30. Nxc6 Rc8 31. Nd4 Qe8 32. c3 Rb7 33.
Rxa6 Bd5 34. b4 g6 35. Bc5 Ra8 36. Rxa8 Qxa8 37. e6 Qe8 38. Qe5 Bc4 39. Nf3 h6 40. Bd4 Kh7 41. e7 Rxe7 42. Qf6 Rf7 43. Qd6 Qe7 44. Qb8 Qf8 45. Qb6 Re7 46. Ne5 Qe8 47. Qf6 1-0

[Event "Early-Titled-Tuesday-Blitz-September-12-2023"]
[Site "Chess.com"]
[Date "2023.09.12"]
[Round "6"]
[White "AleksandrAleksikov"]
[Black "Tea99"]
[Result "0-1"]
[WhiteElo "2267"]
[BlackElo "2401"]
[TimeControl "180+1"]
[EndTime "9:06:45 PDT"]
[Termination "Tea99 won on time"]

1. e4 e5 2. Nf3 Nc6 3. c3 Nf6 4. d4 d6 5. Bb5 Bd7 6. O-O Be7 7. Re1 O-O 8. Ba4 a6 9. Nbd2 b5 10. Bb3 h6 11. Nf1 Re8 12. Ng3 Bf8 13.
h3 Na5 14. Bc2 c5 15. d5 Nb7 16. b3 c4 17. b4 a5 18. a3 axb4 19. cxb4 g6 20.
Be3 Bg7 21. Nd2 Qc7 22. Nb1 Rec8 23. Nc3 Be8 24. Qd2 Kh7 25. Rf1 Ng8 26. Kh2 Nd8 27. f3 f6 28. Nh1 Nf7 29. Nf2 Rcb8 30. g4 Ne7 31. h4 Qd8 32. Nh3 Nc8 33. Rg1 Nb6 34.
Ra2 Rb7 35. Qf2 Ra6 36. Bc1 Qa8 37. Bb2 Qc8 38. Raa1 Qd8 39. Raf1 Qc8 40. f4 exf4 41. Nxf4 Ne5 42. Ne6 Rf7 43. h5 Bd7 44. hxg6+ Nxg6 45.
Qf5 Bxe6 46. dxe6 Rf8 47. e5 Qe8 48. exd6 Nd5 0-1

[Event "Early-Titled-Tuesday-Blitz-September-12-2023"]
[Site "Chess.com"]
[Date "2023.09.12"]
[Round "6"]
[White "Journey_to_GrandMaster_YT"]
[Black "gaby_przz"]
[Result "1-0"]
[WhiteElo "2610"]
[BlackElo "2429"]
[TimeControl "180+1"]
[EndTime "9:06:46 PDT"]
[Termination "Journey_to_GrandMaster_YT won on time"]

1. d4 d5 2. Nf3 e6 3. c4 h6 4. Nc3 Nf6 5. Bf4 Bd6 6. Bg3 O-O 7. e3 c5 8. cxd5 exd5 9. dxc5 Bxc5 10. Be2 Nc6 11. O-O d4 12. Na4 Bb6 13. Nxb6 Qxb6 14. Nxd4 Qxb2 15. Nxc6 bxc6 16. Bf3 Ba6 17. Re1 Rad8 18.
Qb3 Qxb3 19. axb3 Bb5 20. Rxa7 Nd5 21. h4 Ra8 22. Rea1 Rxa7 23. Rxa7 Rd8 24. Rb7 Nc3 25. Kh2 Kf8 26. Be5 Nb1 27. Bh5 g6 28. Bf6 Re8 29. Bg4 Nd2 30. Bd7 Ra8 31. b4 Ne4 32. Bd4 Kg8 33.
f3 Nd6 34. Rc7 Ne8 35. Rc8 Rxc8 36. Bxc8 Nd6 37. Bd7 Nf5 38. Bc5 Nxh4 39. Kg3 Nf5+ 40. Bxf5 gxf5 41. Kf4 Bd3 42. Ke5 Bf1 43. g3 Bg2 44. f4 Be4 45. g4 Bd3 46. gxf5 Bb5 47. Kf6 1-0

[Event "Early-Titled-Tuesday-Blitz-September-12-2023"]
[Site "Chess.com"]
[Date "2023.09.12"]
[Round "6"]
[White "Der_Balak_3Halak"]
[Black "NotFischer"]
[Result "0-1"]
[WhiteElo "2392"]
[BlackElo "2289"]
[TimeControl "180+1"]
[EndTime "9:06:46 PDT"]
[Termination "NotFischer won by checkmate"]

1. e4 d5 2. exd5 Qxd5 3. c4 Qe6+ 4. Be2 c5 5. Nf3 Nc6 6. O-O Nf6 7. Nc3 Qd7 8. d3 e6 9. Ne4 Be7 10. Be3 b6 11. Nfg5 Bb7 12. Bf3 h6 13. Nh3 O-O-O 14. Qa4 g5 15. Rfd1 Nd4 16. Qxa7 Nxf3+ 17. gxf3 Qc6 18. b4 cxb4 19. Qxb6 g4 20. Qxc6+ Bxc6 21. Nxf6 Bxf6 22. fxg4 Bxa1 23. Rxa1 Rhg8 24. f3 Rxd3 25. Kf2 Rc3 26. c5 Rc2+ 27. Kg3 f5 28. Nf2 fxg4 29. fxg4 h5 30. h3 hxg4 31. hxg4 Rc3 32.
Kf4 Rf8+ 33. Kg5 Rxe3 34. Nd1 Re4 35. Rb1 Rg8+ 36. Kf6 Rgxg4 37. Nf2 Rgf4+ 38. Ke7 Rxf2 39. Rd1 Bd5 40. c6 Rg4 41. Kd6 Rg8 42. Rh1 Rd8+ 43. Kc5 Rf7 44. Rb1 Rc7 45. Rxb4 Rxc6+ 46. Kd4 Kd7 47.
Ke5 Rdc8 48. Rb7+ R8c7 49. Rb8 Rc5 50. Rf8 Bxa2+ 51. Kf6 Rf5+ 52. Kg7 Rxf8 53. Kxf8 Kd6 54. Ke8 e5 55. Kf8 Ke6 56. Ke8 Rc8# 0-1

[Event "Early-Titled-Tuesday-Blitz-September-12-2023"]
[Site "Chess.com"]
[Date "2023.09.12"]
[Round "6"]
[White "vi_pranav"]
[Black "assezde36"]
[Result "1-0"]
[WhiteElo "2984"]
[BlackElo "2812"]
[TimeControl "180+1"]
[EndTime "9:06:47 PDT"]
[Termination "vi_pranav won on time"]

1. Nf3 d5 2. g3 Bg4 3. Bg2 Nd7 4. O-O e6 5. d4 Ngf6 6. c4 c6 7. Ne5 Bf5 8. Nc3 Bd6 9. Bf4 Qc7 10. cxd5 exd5 11. Rc1 a6 12. Qb3 O-O 13. Nxd5 Nxd5 14. Bxd5 Nxe5 15. dxe5 Bxe5 16. Bxe5 Qxe5 17. Bf3 Rab8 18.
Rfd1 Be6 19. Qa3 Rfd8 20. b3 h6 21. Qe7 Re8 22. Qb4 Qb2 23. Qa5 Bh3 24. e3 Qe5 25. Qxe5 Rxe5 26. Rd2 Kf8 27. Rcd1 Ke7 28. Rd4 Be6 29.
Kg2 Ra5 30. R4d2 Rc5 31. e4 a5 32. Be2 Rc3 33. f4 g6 34. h3 h5 35. Bf3 Rh8 36.
Re1 Ra8 37. f5 Bd7 38. f6+ Ke8 39. g4 h4 40. e5 a4 41. Red1 Be6 42. bxa4 Ra3 43. Rb1 Ra7 44. Bxc6+ 1-0

[Event "Early-Titled-Tuesday-Blitz-September-12-2023"]
[Site "Chess.com"]
[Date "2023.09.12"]
[Round "6"]
[White "chessdjw"]
[Black "Fandorine"]
[Result "1-0"]
[WhiteElo "2765"]
[BlackElo "2913"]
[TimeControl "180+1"]
[EndTime "9:06:47 PDT"]
[Termination "chessdjw won by resignation"]

1. e4 e5 2. Nf3 Nc6 3. Bb5 a6 4.
Ba4 Nf6 5. O-O Be7 6. d3 d6 7.
c3 O-O 8. h3 h6 9. Re1 Re8 10. Nbd2 Bf8 11. Nf1 b5 12. Bb3 Be6 13. Ng3 Bxb3 14. axb3 d5 15. b4 a5 16. bxa5 Rxa5 17.
Rxa5 Nxa5 18. b4 Nc6 19. Qb3 Qd7 20. Be3 Ra8 21. Bd2 dxe4 22. dxe4 Qd3 23. Bc1 Ra1 24. Rd1 Rb1 25. Rxd3 Rxb3 26. Nd2 Nxb4 27. Rf3 Rxc3 28.
Rxc3 c5 29. Kf1 Nd7 30. Ba3 Nc6 31. Rd3 Nd4 32. Bb2 c4 33. Re3 Bc5 34. Nf3 f6 35. Re1 Nb8 36. Rd1 Nbc6 37. Rc1 g6 38. Ne2 Nb3 39. Rd1 Kf7 40. Rd5 Ke6 41. Nc3 Ne7 42.
Rd8 b4 43. Nd5 Nc6 44. Rc8 Kd7 45. Rc7+ Kd6 46. Rf7 c3 47. Rxf6+ Kd7 48. Nxc3 bxc3 49. Bxc3 Nbd4 50. Nxd4 exd4 51. Bd2 Ne5 52. f4 d3 53. fxe5 1-0

[Event "Early-Titled-Tuesday-Blitz-September-12-2023"]
[Site "Chess.com"]
[Date "2023.09.12"]
[Round "6"]
[White "Mesa_1"]
[Black "Khromkin"]
[Result "1-0"]
[WhiteElo "2608"]
[BlackElo "2428"]
[TimeControl "180+1"]
[EndTime "9:06:47 PDT"]
[Termination "Mesa_1 won on time"]

1. e4 c5 2. Nf3 Nc6 3. d4 cxd4 4. Nxd4 g6 5. c4 Bg7 6. Be3 Nf6 7. Nc3 Ng4 8. Qxg4 Nxd4 9. Qd1 Ne6 10. Rc1 Qa5 11. Qd2 b6 12. Be2 Bb7 13. f3 f5 14.
exf5 gxf5 15. O-O f4 16. Bf2 Qg5 17. Rcd1 d6 18. h4 Qh6 19. Nd5 Rg8 20. Rfe1 Be5 21. Bf1 Qh5 22. Qe2 Kf7 23. b4 Rg6 24. c5 bxc5 25.
bxc5 Rag8 26. cxd6 exd6 27. Qe4 Rg3 28. Bxg3 Rxg3 29.
Rb1 Bxd5 30. Qxd5 Bd4+ 31. Qxd4 Nxd4 32. Rb7+ Kf6 33. Ree7 Nxf3+ 34. Kf2 Ne5 35. Rxh7 Rf3+ 36. gxf3 Qxf3+ 37. Ke1 Qe3+ 38. Kd1 Qd4+ 39. Kc1 Qc3+ 40. Kd1 Nc4 41. Rhf7+ Ke5 42. Rbe7+ Kd5 43. Bg2+ Kc5 44. Rc7+ Kb4 45. Rb7+ Ka5 46. Rxa7+ Kb4 47. Rfb7+ Kc5 48.
Rc7+ Kd4 49. Rxc4+ Qxc4 50. Ra3 1-0